Construct Section Command Post
Construct Platoon Command Post
6-pounder Anti-tank Gun Team
Selects Heavy Armor Battlegroup
Selects Rigorous Vehicle Training
6-pounder Anti-tank Gun Team
Construct Field Infirmary
Selects Forward Repair Assembly
Selects Churchill Black Prince Heavy Tank
Churchill Black Prince Heavy Tank
Selects Light Vehicle Withdraw and Refit
6-pounder Anti-tank Gun Team
Light Vehicle Withdraw and Refit
Light Vehicle Withdraw and Refit